 Dungeon Crawl Stone Soup version 0.30-a0-367-g839099abd5 (webtiles) character file.

Game seed: 12442955059531741554

513 Bnni the Poker (level 7, -17/56 HPs)
             Began as a Formicid Fighter on Nov 18, 2022.
             Demolished by an ogre
             ... wielding a +0 giant spiked club
              (34 damage)
             ... on level 5 of the Dungeon.
             The game lasted 00:04:41 (4222 turns).

Bnni the Poker (Formicid Fighter)                   Turns: 4222, Time: 00:04:42

Health: -17/56     AC:  8    Str: 23    XL:     7   Next: 43%
Magic:  7/7        EV:  9    Int:  7    God:
Gold:   258        SH:  5    Dex: 13    Spells: 4/6 levels left

rFire   . . .      SeeInvis +    a - +0 trident
rCold   . . .      Faith    .    c - +0 buckler
rNeg    . . .      Spirit   .    b - +0 scale mail
rPois   .          Reflect  .    (helmet unavailable)
rElec   .          Harm     .    (no cloak)
rCorr   .          Rampage  .    y - +0 pair of gloves
Will    .....                    (no boots)
Stlth   ..........               (no amulet)
HPRegen 0.29/turn                (no ring)
MPRegen 0.10/turn                (no ring)

@: no status effects
A: permanent stasis, dig shafts and tunnels, antennae 3, four strong arms
a: Dig, Shaft Self


You were on level 5 of the Dungeon.
You visited 1 branch of the dungeon, and saw 5 of its levels.
You also visited: Sewer.

You collected 258 gold pieces.

Inventory:

Hand Weapons
 a - a +0 trident (weapon)
 r - a +2 war axe of electrocution
Missiles
 l - 8 poisoned darts
Armour
 b - a +0 scale mail (worn)
 c - a +0 buckler (worn)
 y - a +0 pair of gloves (worn)
Jewellery
 z - an amulet of guardian spirit
Scrolls
 d - a scroll of summoning
 e - 3 scrolls of teleportation {unknown}
 f - a scroll of blinking {unknown}
 i - a scroll of torment {unknown}
 j - 5 scrolls of identify {unknown}
 m - a scroll of immolation {unknown}
 o - a scroll of amnesia {unknown}
 q - 2 scrolls of noise {unknown}
 s - a scroll of enchant armour {unknown}
 A - a scroll of enchant weapon {unknown}
Potions
 g - 2 potions of brilliance {unknown}
 h - 5 potions of heal wounds
 k - 2 potions of lignification {unknown}
 n - a potion of curing {unknown}
 p - 2 potions of mutation {unknown}
 t - 2 potions of resistance {unknown}
 u - a potion of haste {unknown}
 v - a potion of cancellation {unknown}
 w - a potion of flight {unknown}
 x - a potion of invisibility {unknown}


   Skills:
 + Level 5.5 Fighting
 * Level 6.0 Polearms
 - Level 3.2 Armour
 - Level 5.0 Shields


You had 4 spell levels left.
You knew the following spells:

 Your Spells              Type           Power      Damage    Failure   Level
a - Wereblood             Tmut           0%         N/A       91%         2

Your spell library contained the following spells:

 Spells                   Type           Power      Damage    Failure   Level
 Beastly Appendage        Tmut           0%         N/A       80%         1
 Ignite Poison            Fire/Tmut/Pois 0%         N/A       99%         3
 Spider Form              Tmut/Pois      0%         N/A       99%         3
 Leda's Liquefaction      Hex/Erth       0%         N/A       100%        4
 Sticky Flame             Conj/Fire      0%         2d3       100%        4
 Lee's Rapid Deconstruct  Erth           0%         3d4*      100%        5
 Statue Form              Tmut/Erth      0%         N/A       100%        6
 Ignition                 Fire           0%         3d3       100%        8


Dungeon Overview and Level Annotations

Branches:
Dungeon (5/15)              Sewer (visited)
 Temple: D:4-7

Altars:
Fedhas
Hepliaklqana
Nemelex Xobeh
Uskayaw
Zin
The Shining One


Innate Abilities, Weirdness & Mutations

You cannot be hasted, slowed, berserked, paralysed or teleported.
You can dig through walls and to a lower floor.
You have a pair of large antennae on your head. (SInv)
Your four strong arms can wield two-handed weapons with a shield.


Message History

You now have 258 gold pieces (gained 9).
You sense a monster nearby.
A - a scroll labelled QUAGUYNURGH No target in view!
Found a scale mail.
No target in view!
You see here a +0 scale mail.
An ogre comes into view. It is wielding a +0 giant spiked club.
The ogre shouts!
You hit the ogre.
The ogre is lightly wounded.
The ogre hits you with a +0 giant spiked club!!
You puncture the ogre!
The ogre is heavily wounded.
You hit the ogre.
The ogre is severely wounded.
The ogre barely misses you.
You closely miss the ogre.
The ogre is severely wounded.
The ogre hits you with a +0 giant spiked club!!
* * * LOW HITPOINT WARNING * * *
You are too injured to fight recklessly!
You are too injured to fight recklessly!
You are too injured to fight recklessly!
You are too injured to fight recklessly!
You are too injured to fight recklessly!
You are too injured to fight recklessly!
You are too injured to fight recklessly!
You are too injured to fight recklessly!
You are too injured to fight recklessly!
You are too injured to fight recklessly!
You are too injured to fight recklessly!
You are too injured to fight recklessly!
Unknown command.
Okay, then.
You closely miss the ogre.
The ogre is severely wounded.
The ogre hits you with a +0 giant spiked club!!
Ouch! That really hurt!
You die...

##### ###
.#######.#.###.################
.........#.....#.............[#
######.#.......#.############.#
#.#.#####@#.......... #.#
#.#.#....O#..######## #.#
#.#.#.###.#..###### #.# #.#.#
#.#.......# #.# #.#.#
#.#...###.# #.# #.#.#
#.#...#...# #.# #.# #.#...#.###
#.# #.# ..#.......# #.#
#.#######..##.######.#.#


You could see an ogre.

Vanquished Creatures
  2 bullfrogs (Sewer)
  A necrophage (D:4)
  A hound (D:5)
  A jelly (D:5)
  11 adders
  6 river rats (Sewer)
  A white imp (D:4)
  2 worms (D:4)
  2 dart slugs
  10 bats
  4 endoplasms
  5 giant cockroaches
  9 hobgoblins
  3 quokkas
  18 ball pythons
  3 frilled lizards
  6 goblins
  2 goblin skeletons (D:4)
  A goblin zombie (D:4)
  6 hobgoblin zombies (D:4)
  A kobold (D:2)
  2 kobold skeletons (D:4)
  An orc skeleton (D:4)
  An orc zombie (D:4)
  33 rats
132 creatures vanquished.

Notes
Turn   | Place    | Note
-------+----------+-------------------------------------------
     0 | D:1      | Bnni the Formicid Fighter began the quest for the Orb.
     0 | D:1      | Reached XP level 1. HP: 18/18 MP: 1/1
   127 | D:1      | Reached XP level 2. HP: 22/24 MP: 2/2
   427 | D:1      | Reached XP level 3. HP: 29/29 MP: 3/3
   928 | D:2      | Reached skill level 3 in Polearms
  1115 | D:2      | Learned a level 2 spell: Wereblood
  1363 | D:2      | Reached XP level 4. HP: 35/37 MP: 4/4
  1929 | D:3      | Found a faded altar of an unknown god.
  2153 | D:3      | Found a sparkling altar of Nemelex Xobeh.
  2315 | D:3      | Found a hide-covered altar of Uskayaw.
  2483 | D:3      | Found a blossoming altar of Fedhas.
  2673 | D:4      | Found a glowing drain.
  2704 | Sewer    | Entered a sewer
  2737 | Sewer    | Reached XP level 5. HP: 37/42 MP: 5/5
  2810 | Sewer    | Reached skill level 5 in Shields
  2850 | Sewer    | Reached skill level 4 in Polearms
  3199 | Sewer    | Reached XP level 6. HP: 47/49 MP: 6/6
  3331 | Sewer    | Reached skill level 5 in Fighting
  3331 | Sewer    | Reached skill level 5 in Polearms
  3333 | Sewer    | Reached XP level 7. HP: 31/56 MP: 7/7
  3565 | D:4      | Found a glowing silver altar of Zin.
  3632 | D:4      | Found a hazy altar of Hepliaklqana.
  3712 | D:4      | Found a glowing golden altar of the Shining One.
  4034 | D:5      | Entered Level 5 of the Dungeon
  4065 | D:5      | Reached skill level 6 in Polearms
  4222 | D:5      | Demolished by an ogre

Illustrated notes

Levels and vault maps discovered:
D:1:      minmay_arrival_pointy, layout_loops_corners
D:2:      layout_loops_cross, serial_park_tiny_1, hex_tiny, st_stairs_7,
          grunt_ministairs_13
D:3:      layout_loops_ring, lemuel_coloured_pillars_altar,
          nicolae_overflow_hidden_temple, nemelex_spade_bored_becter,
          hellmonk_ecumenical_altar_crossroads, serial_bayou_crossing
D:4:      layout_loops_ring, amcnicky_altar_gilded, old_standard_altar,
          nicolae_tso_besieged_by_evil, portal_sewer_entry_a
D:5:      layout_basic, kennysheep_mini, serial_rivers,
          chequers_serial_rivers_large_b, chequers_serial_rivers_micro_e,
          chequers_serial_rivers_micro_e, chequers_serial_rivers_micro_b,
          chequers_serial_rivers_micro_a, minmay_misc_feat_four_crosses,
          kennysheep_generic_room_14

Skill      XL: |  1  2  3  4  5  6  7 |
---------------+----------------------+-----
Polearms       | 3 4 5 6 |  6.0
Fighting       | 4 5 |  5.5
Shields        | 5 |  5.0
Armour         | |  3.2

Action                   |  1- 3 |  4- 6 |  7- 9 || total
-------------------------+-------+-------+-------++-------
Melee: Trident           |    92 |    87 |    75 ||   254
       War axe           |       |   106 |     1 ||   107
  Use: Potion            |       |     3 |       ||     3
       Scroll            |       |       |     1 ||     1
Armor: Scale mail        |    34 |   130 |    30 ||   194
Dodge: Dodged            |    35 |    92 |    28 ||   155
Block: Buckler           |    23 |    64 |    14 ||   101

Table legend: (Time is in decaauts)
 A = Elapsed time spent in this place.
 B = Non-inter-level travel time spent in this place.
 C = Inter-level travel time spent in this place.
 D = Time resting spent in this place.
 E = Time spent auto-exploring this place.
 F = Levels seen in this place.
 G = Mean time per level.
                   A        B        C        D        E       F      G
               +--------+--------+--------+--------+--------+-----+--------+
         Total |   4344 |   4184 |    160 |    238 |   3155 |   6 |  724.0 |
       Dungeon |   3553 |   3393 |    160 |      0 |   2868 |   5 |  710.6 |
         Sewer |    791 |    791 |      0 |    238 |    287 |   1 |  791.0 |
               +--------+--------+--------+--------+--------+-----+--------+

Top non-repeatable levels by time:
     D:3: 950 daAuts
     D:1: 929 daAuts
   Sewer: 791 daAuts
     D:2: 748 daAuts
     D:4: 736 daAuts
     D:5: 188 daAuts
